 Dungeon Crawl Stone Soup version 0.27.1-1-g398f81649c (webtiles) character file.

Game seed: 6211128565615822892

11139 Metae the Protected (level 11, -4/101 HPs)
             Began as a Minotaur Fighter on Sept 17, 2021.
             Was an Elder of Okawaru.
             Killed by divine providence
             ... invoked by an orc priest
              (11 damage)
             ... on level 2 of the Orcish Mines.
             The game lasted 00:45:05 (13622 turns).

Metae the Protected (Minotaur Fighter)             Turns: 13622, Time: 00:45:05

Health: -4/101     AC: 24    Str: 24    XL:     11   Next: 45%
Magic:  12/14      EV:  9    Int:  5    God:    Okawaru [****..]
Gold:   859        SH:  0    Dex: 10    Spells: 10/10 levels left

rFire    . . .     SeeInvis .   F - +3 long sword (drain)
rCold    . . .     Faith    .   c - +0 kite shield
rNeg     . . .     Spirit   .   l - +2 plate armour
rPois    .         Reflect  .   (helmet restricted)
rElec    .         Harm     .   G - scarf {repulsion}
rCorr    .         Rampage  .   (no gloves)
Will     .....                  E - +0 pair of boots
Stlth    ..........             (no amulet)
HPRegen  0.26/turn              h - +4 ring of slaying
MPRegen  0.14/turn              y - +4 ring of protection

@: confused, heroic, repel missiles
A: horns 2, retaliatory headbutt
a: Renounce Religion, Heroism


You were on level 2 of the Orcish Mines.
You worshipped Okawaru.
Okawaru was greatly pleased with you.
You visited 3 branches of the dungeon, and saw 12 of its levels.

You collected 859 gold pieces.

Inventory:

Hand Weapons
 a - a +0 trident
 x - a +4 spear
 F - a +3 long sword of draining (weapon)
 H - a +3 war axe of freezing
Missiles
 d - 2 boomerangs
 f - 9 javelins (quivered)
 v - 8 boomerangs of dispersal
 B - 3 throwing nets
Armour
 b - a +0 scale mail
 c - a +0 kite shield (worn)
 l - a +2 plate armour (worn)
 o - a +0 chain mail
 E - a +0 pair of boots (worn)
 G - a scarf of repulsion (worn)
Jewellery
 h - a +4 ring of slaying (left hand)
 y - a +4 ring of protection (right hand)
 D - a +4 ring of evasion
Wands
 p - a wand of flame (21)
 q - a wand of polymorph (1)
 I - a wand of iceblast (2)
Scrolls
 i - 5 scrolls of teleportation
 j - a scroll of fear
 w - 2 scrolls of amnesia
 A - 2 scrolls of enchant armour
 C - a scroll of identify
Potions
 e - 2 potions of brilliance
 g - 4 potions of curing
 k - 3 potions of attraction
 n - 2 potions of lignification
 t - 3 potions of mutation
 J - a potion of magic {unknown}


   Skills:
 + Level 10.7(15.7) Fighting
 + Level 6.8(11.8) Long Blades
 - Level 7.8(12.8) Polearms
 + Level 10.7(15.7) Armour
 + Level 10.7(15.7) Shields
 + Level 5.6 Invocations
 + Level 2.9 Evocations


You had 10 spell levels left.
You didn't know any spells.
Your spell library contained the following spells:

 Spells                   Type           Power      Damage    Failure   Level
 Animate Skeleton         Necr           0%         N/A       99%         1
 Pain                     Necr           0%         1d4       99%         1
 Summon Small Mammal      Summ           0%         N/A       99%         1
 Corpse Rot               Necr/Air       N/A        N/A       99%         2
 Poisonous Vapours        Pois/Air       0%         N/A       99%         2
 Call Canine Familiar     Summ           0%         N/A       100%        3
 Summon Guardian Golem    Hex/Summ       0%         N/A       100%        3
 Vampiric Draining        Necr           0%         2d6       100%        3
 Summon Lightning Spire   Summ/Air       0%         N/A       100%        4
 Freezing Cloud           Conj/Ice/Air   0%         6-21      100%        5
 Storm Form               Tmut/Air       0%         N/A       100%        7
 Maxwell's Capacitive Co  Air            0%         ∞         100%        8


Dungeon Overview and Level Annotations

Branches:
Dungeon (9/15)             Temple (1/1) D:7             Orc (2/2) D:9
   Lair: D:8-11         Elf: Orc:2

Altars:
Ashenzari
Cheibriados
Dithmenos
Elyvilon
Fedhas
Gozag
Hepliaklqana
Kikubaaqudgha
Makhleb
Nemelex Xobeh
Okawaru
Qazlal
Ru
Trog
Uskayaw
Vehumet
Wu Jian
Xom
Yredelemnul
The Shining One
Beogh

Shops:
D:4 *   D:5 *


Innate Abilities, Weirdness & Mutations

You have a pair of horns on your head.
You reflexively headbutt those who attack you in melee.


Message History

Beogh smites you!
The orc priest mumbles some strange prayers to Beogh against you.
Beogh smites you!
You feel less confused.
The orc priest invokes the aid of Beogh against you.
You struggle to resist.
You block the orc wizard's attack.
You hear some strange, mumbled words.
A magic dart appears from out of thin air!
The magic dart hits you but does no damage.
The orc priest calls down the wrath of Beogh upon you.
Beogh smites you!
* * * LOW HITPOINT WARNING * * *
Something hits you but does no damage.
The orc priest calls down the wrath of Beogh upon you.
Beogh smites you!
* * * LOW HITPOINT WARNING * * *
The orc priest looks satisfied for a moment.
Okay, then.
You gain the combat prowess of a mighty hero.
The orc wizard gestures at you while chanting.
The magic dart hits you.
* * * LOW HITPOINT WARNING * * *
The orc priest looks braver for a moment.
The orc wizard points at you and mumbles some strange words.
The puff of flame is repelled.
You hear some strange, mumbled words.
You are confused.
There is a stone staircase leading up here.
Things that are here:
a +0 chain mail; a +0 battleaxe The orc priest mumbles some strange prayers to Beogh against you.
Beogh smites you!
* * * LOW HITPOINT WARNING * * *
The orc priest miscasts a cantrip.
In your confused state, you trip and fall back down the stairs.
* * * LOW HITPOINT WARNING * * *
Something hits you but does no damage.
The orc priest invokes the aid of Beogh against you.
Beogh smites you!
You die...

######.##..#.#...#..###
##.##.................#.
#.......................
##.......#..............
####.#...........#.....#
##.##....................
#........................
##.......o{.........#.....
#........@...o............
##........................
#...........)..#....##....
#.............o.........##..
..............)...).........
#.......#.#......#).........
##.#.#.######.#..#..........
###.## ###..).......... ..
##.#....#.....


You could see 2 orc priests and an orc wizard.

Vanquished Creatures
  Harold (D:8)
  Pikel (D:7)
  An orc knight (Orc:2)
  A cyclops (Orc:2)
  A gargoyle (D:7)
  Prince Ribbit (D:8)
  Grinder (D:3)
  Sigmund (D:4)
  10 yaks (D:9)
  2 wyverns
  Grum (D:8)
  2 wargs
  2 water moccasins
  An acid dragon (D:9)
  Duvessa (D:6)
  19 orc warriors
  3 sky beasts (D:8)
  2 ice beasts
  A necrophage (D:8)
  2 black bears
  5 ogres
  3 wolves
  10 centaurs
  A lemure (D:7)
  5 scorpions
  Dowan (D:6)
  A wyvern skeleton (D:7)
  A water moccasin skeleton (D:3)
  6 killer bees (D:9)
  A howler monkey (D:5)
  2 bullfrog zombies
  9 orc priests
  A jelly (D:6)
  A centaur skeleton (D:7)
  2 iguanas (D:5)
  Ijyb (D:3)
  15 orc wizards
  2 killer bee zombies
  A howler monkey zombie (D:7)
  6 gnolls
  7 adders
  2 howler monkey skeletons (D:5)
  An ufetubus (D:6)
  5 worms
  4 dart slugs
  47 orcs
  5 ball pythons
  6 endoplasms
  A giant cockroach (D:1)
  8 goblins
  5 hobgoblins
  8 jackals
  2 quokkas (D:5)
  7 bats
  2 frilled lizards
  9 kobolds
  8 rats
255 creatures vanquished.

Vanquished Creatures (others)
  A dart slug (D:1)
1 creature vanquished.

Grand Total: 256 creatures vanquished

Notes
Turn   | Place    | Note
-------+----------+-------------------------------------------
     0 | D:1      | Metae the Minotaur Fighter began the quest for the Orb.
     0 | D:1      | Reached XP level 1. HP: 19/19 MP: 0/0
   214 | D:1      | Reached XP level 2. HP: 25/27 MP: 1/1
   710 | D:2      | Reached XP level 3. HP: 32/33 MP: 2/2
  1713 | D:3      | Reached XP level 4. HP: 41/41 MP: 3/3
  1753 | D:3      | Noticed Grinder
  1771 | D:3      | Killed Grinder
  1772 | D:3      | Reached skill level 5 in Fighting
  1772 | D:3      | Reached skill level 5 in Armour
  1772 | D:3      | Reached skill level 5 in Shields
  1772 | D:3      | Reached XP level 5. HP: 34/48 MP: 4/4
  1772 | D:3      | Reached XP level 6. HP: 40/56 MP: 5/5
  2010 | D:3      | Noticed Ijyb
  2104 | D:3      | Killed Ijyb
  2690 | D:4      | Noticed Sigmund
  2702 | D:4      | Killed Sigmund
  2703 | D:4      | Reached skill level 5 in Polearms
  2703 | D:4      | Reached XP level 7. HP: 62/62 MP: 6/6
  2751 | D:4      | Found Calas's Assorted Antiques.
  3701 | D:5      | Entered Level 5 of the Dungeon
  4186 | D:5      | Found Utzoihump's Serpentskin Sales.
  4261 | D:5      | Found a hazy altar of Hepliaklqana.
  4261 | D:5      | Found a faded altar of an unknown god.
  4272 | D:5      | Found a shimmering altar of Xom.
  4275 | D:5      | Found a bloodstained altar of Trog.
  4277 | D:5      | Found a faded altar of an unknown god.
  4346 | D:5      | Reached XP level 8. HP: 48/71 MP: 7/7
  4986 | D:6      | Noticed Duvessa
  4986 | D:6      | Noticed Dowan
  4997 | D:6      | Killed Duvessa
  5007 | D:6      | Killed Dowan
  6468 | D:7      | Noticed a gargoyle
  6482 | D:7      | Killed a gargoyle
  6483 | D:7      | Reached XP level 9. HP: 62/81 MP: 8/8
  6641 | D:7      | Found a staircase to the Ecumenical Temple.
  6648 | Temple   | Entered the Ecumenical Temple
  6951 | Temple   | Became a worshipper of Warmaster Okawaru
  7182 | D:7      | Noticed Pikel
  7216 | D:7      | Killed Pikel
  7217 | D:7      | Reached skill level 1 in Invocations
  7409 | D:8      | Noticed Prince Ribbit
  7415 | D:8      | Killed Prince Ribbit
  7475 | D:8      | Reached * piety under Okawaru
  8062 | D:8      | Noticed Grum
  8117 | D:8      | Reached XP level 10. HP: 17/91 MP: 11/11
  8563 | D:8      | Killed Grum
  8752 | D:8      | Noticed Harold
  8765 | D:8      | Killed Harold
  8765 | D:8      | Reached ** piety under Okawaru
  9821 | D:9      | Reached skill level 5 in Long Blades
  9824 | D:9      | Reached *** piety under Okawaru
  9837 | D:9      | Reached skill level 10 in Fighting
  9837 | D:9      | Reached skill level 10 in Shields
  9975 | D:9      | Found a staircase to the Orcish Mines.
  9985 | D:9      | Reached skill level 10 in Armour
 10185 | D:9      | Reached skill level 1 in Evocations
 10191 | D:9      | Reached **** piety under Okawaru
 10644 | Orc:1    | Entered Level 1 of the Orcish Mines
 10678 | Orc:1    | Reached XP level 11. HP: 85/100 MP: 13/13
 10940 | D:9      | Reached skill level 5 in Invocations
 12053 | Orc:2    | Entered Level 2 of the Orcish Mines
 13146 | Orc:2    | Noticed an orc knight
 13174 | Orc:2    | Killed an orc knight
 13174 | Orc:2    | Reached ***** piety under Okawaru
 13622 | Orc:2    | Killed from afar by an orc priest

Illustrated notes

Levels and vault maps discovered:
D:1:      dpeg_arrival_rhombus, layout_basic, lemuel_old_faithful
D:2:      layout_basic
D:3:      layout_basic, uniq_ijyb, uniq_grinder
D:4:      corexii_shack_village, layout_basic, serial_shops, shop, uniq_sigmund
D:5:      layout_loops_cross, chequers_temple_overflow_minitemple,
          grunt_ministairs_14, guppyfry_shop_venom
D:6:      layout_layer_cave, uniq_duvessa
D:7:      layout_rooms, minmay_temple_entry_butterflies, uniq_pikel
D:8:      layout_loops_corners, uniq_harold, uniq_prince_ribbit1, uniq_grum
D:9:      layout_irregular_city, david_orc_3, minmay_misc_feat_square
Temple:   minmay_temple_bridge_d
Orc:1:    layout_caves, basic_altar, nicolae_orc_flooded_monolith
Orc:2:    st_orc_rangers, layout_caves

Skill      XL: |  1  2  3  4  5  6  7  8  9 10 11 |
---------------+----------------------------------+-----
Fighting       | 4 5 6 8 9 10 | 10.7
Shields        | 4 5 6 8 9 10 | 10.7
Armour         | 4 5 6 8 9 10 | 10.7
Polearms       | 3 4 5 6 7 |  7.8
Long Blades    | 3 5 6 |  6.8
Invocations    | 3 4 5 |  5.6
Evocations     | 1 2 |  2.9

Action                   |  1- 3 |  4- 6 |  7- 9 | 10-12 || total
-------------------------+-------+-------+-------+-------++-------
Melee: Trident           |    84 |    47 |    46 |       ||   177
       Headbutt          |     8 |    11 |    44 |    72 ||   135
       Spear             |       |       |   155 |       ||   155
       Long sword        |       |       |    83 |   270 ||   353
Throw: Javelin           |     1 |     3 |     1 |       ||     5
Invok: Heroism           |       |       |       |     3 ||     3
  Use: Potion            |       |     1 |       |       ||     1
       Scroll            |       |       |     6 |    13 ||    19
Armor: Scale mail        |    34 |     6 |       |       ||    40
       Chain mail        |       |    16 |   112 |   138 ||   266
       Plate armour      |       |       |       |    75 ||    75
Dodge: Dodged            |    25 |     9 |    68 |   142 ||   244
       Repelled          |       |       |       |     2 ||     2
Block: Kite shield       |    41 |    29 |   125 |   271 ||   466
       Rpst.: Long sword |       |       |     8 |    26 ||    34
